Map: King's Cove LE

Players

Kiljaden

  • Race: Terran Terran
  • League: Platinum
  • Spawn Location: 11:00

wootwoot - Winner!

  • Race: Terran Terran
  • League: Platinum
  • Spawn Location: 5:00

VOD

Have the link to the VOD?

Description

Time

  • Played on: April 21, 2025, 3:11 p.m.
  • Length: 2:47
Show
View Real Time Build Order
Export as new Build Order

Kiljaden Terran 

Build Orders:  

Get SALT Encoding   

  12  0:00  SCV  
  13  0:13  SCV  
  14  0:18  Supply Depot  
  14  0:26  SCV  
  15  0:40  SCV, Barracks  
  16  0:46  Refinery  
  16  0:52  SCV  
  17  1:04  SCV  
  18  1:16  SCV  
  19  1:29  Reaper  
  19  1:31  Orbital Command  
  20  1:34  Supply Depot  
  20  1:44  Refinery  
  20  1:57  SCV  
  21  2:07  Barracks Reactor  
  21  2:09  SCV  
  22  2:20  Factory  
  22  2:21  SCV  
  23  2:29  Supply Depot  
  23  2:33  SCV  
Show
View Real Time Build Order
Export as new Build Order

wootwoot Terran - Winner!

Build Orders:  

Get SALT Encoding   

  12  0:00  SCV  
  13  0:12  SCV  
  14  0:18  Supply Depot  
  14  0:24  SCV  
  15  0:39  SCV  
  16  0:47  Barracks  
  16  0:51  SCV  
  17  1:00  Barracks  
  17  1:13  Barracks  
  17  1:34  Marine  
  17  1:35  Barracks  
  17  1:39  Orbital Command  
  18  1:47  Marine  
  18  1:53  Marine  
  20  1:59  Marine  
  21  2:05  Marine  
  22  2:11  Supply Depot, Marine  
  23  2:17  Marine  
  23  2:21  Marine  
  25  2:23  Marine  
  25  2:28  SCV  
  25  2:29  Marine  
Tags
 
Matchup
TvT
Race
Terran
Replay Pack
#1B2M-Replays
Spawn Locations
Cross Positions
Add a new tag
Caveats
  • Supply blocks, unpowered buildings, or Contaminate may cause inaccurate times.
  • Supply counts are checked every 10 seconds.